 Dungeon Crawl Stone Soup version 0.22-a0-181-gb22368a (webtiles) character file.

2621 krabocopter the Basher (level 9, 65/72 HPs)
             Began as a Formicid Fighter on Nov 14, 2017.
             Was an Initiate of Ru.
             Quit the game on level 7 of the Dungeon on Feb 14, 2018.
             The game lasted 00:41:21 (7879 turns).

krabocopter the Basher (Formicid Fighter)           Turns: 7879, Time: 00:41:22

Health: 65/72      AC:  9    Str: 21    XL:     9   Next: 91%
Magic:  9/9        EV: 13    Int:  8    God:    Ru [......]
Gold:   353        SH: 11    Dex: 25    Spells: 8/8 levels left

rFire    + . .     SeeInvis +   D - +3 whip
rCold    + . .     Gourm    .   c - +0 shield
rNeg     . . .     Faith    .   b - +2 scale mail {MR+}
rPois    .         Spirit   .   (helmet unavailable)
rElec    .         Reflect  .   a - scarf {rC+ rF+}
rCorr    .         Harm     .   (no gloves)
MR       +....                  (no boots)
Stlth    ++........             (no amulet)
HPRegen  0.22/turn              j - +4 ring of dexterity
MPRegen  0.11/turn              s - +3 ring of dexterity

@: agile
A: permanent stasis, dig shafts and tunnels, four strong arms, antennae 3
a: Dig, Shaft Self, Renounce Religion


You were on level 7 of the Dungeon.
You worshipped Ru.
Ru was noncommittal.
You were hungry.

You visited 2 branches of the dungeon, and saw 9 of its levels.

You collected 353 gold pieces.

Inventory:

Hand Weapons
 D - a +3 whip (weapon)
Missiles
 l - 7 needles of confusion
 p - 39 stones (quivered)
Armour
 a - a scarf of resistance (worn)
 b - a +2 scale mail of magic resistance (worn)
 c - a +0 shield (worn)
 q - a +2 scale mail of fire resistance
Jewellery
 j - a +4 ring of dexterity (left hand)
 n - an uncursed ring of wizardry
 s - a +3 ring of dexterity (right hand)
 B - an uncursed amulet of harm
Wands
 x - a wand of removedness (24)
Scrolls
 d - a scroll of immolation
 h - 4 scrolls of remove curse
 i - 3 scrolls of identify
 o - a scroll of enchant armour {unknown}
 u - a scroll of amnesia
 y - a scroll of removedness
 C - a scroll of fog {unknown}
Potions
 e - a potion of heal wounds {unknown}
 k - 2 potions of curing
 m - a potion of cancellation
 r - a potion of agility
 v - a potion of lignification
Books
 g - a book of Debilitation

   Spells                             Type                      Level
   a - Corona                         Hexes                        1
   b - Slow                           Hexes                        2
   c - Inner Flame                    Hexes/Fire                   3
   d - Portal Projectile              Hexes/Translocation          3
   e - Cause Fear                     Hexes                        4
   f - Leda's Liquefaction            Hexes/Earth                  4
Comestibles
 f - 4 rations
 w - a ration


   Skills:
 - Level 7.0 Fighting
 * Level 10.4 Maces & Flails
 + Level 5.1 Armour
 + Level 5.6 Shields


You had 8 spell levels left.
You didn't know any spells.

Dungeon Overview and Level Annotations

Branches:
Dungeon (8/15)             Temple (1/1) D:7
   Lair: D:8-11

Altars:
Ashenzari
Cheibriados
Dithmenos
Elyvilon
Fedhas
Gozag
Hepliaklqana
Kikubaaqudgha
Makhleb
Okawaru
Qazlal
Ru
Sif Muna
Trog
Uskayaw
Vehumet
Xom
Yredelemnul
Zin
The Shining One

Shops:
D:4 (

Annotations:
D:5 Pikel


Innate Abilities, Weirdness & Mutations

You cannot be hasted, slowed, berserked, paralysed or teleported.
You can dig through walls and to a lower floor.
Your four strong arms can wield two-handed weapons with a shield.
You have a pair of large antennae on your head. (SInv)


Message History

The orc warrior hits you with a hand axe.
You take 4 damage, and have 60/72 hp.
You hit the orc warrior but do no damage.
You whack the orc warrior! You block the orc warrior's attack.
You closely miss the orc warrior. The orc warrior closely misses you.
You closely miss the orc warrior. You whack the orc warrior!
You kill the orc warrior!
Found 12 sling bullets.
A scorpion comes into view.
Found 21 stones.
A water moccasin skeleton comes into view.
Found a glowing rapier.
You block the scorpion's attack.
The scorpion stings you but does no damage.
There is a stone staircase leading up here.
The scorpion stings you but does no damage.
You block the water moccasin skeleton's attack.
You climb upwards.
There is a stone staircase leading down here.

###'### #.#..# #.....#
#.#..######## #.....#
#........##.# #.....########
#........##'####
#.....#......##
###########....#
###'#.'......'# ##_###8 #....#
#.#.#......###8...8...8##....#
#.#.#.......##.........##....#
#.#.#.......#@s........_#....#
#.#.#......###.........##.....
#.#.#.#...(.##8...8...8#######
#.#.......#.# ##_###8## #....'
#.###.#.#...##################
#.# #.#.#.#..............#####
#.# #.#..................#....
#.# #.####################.###
#.# #.............#...........


You could see a scorpion.

Vanquished Creatures
  The ghost of p0werm0de the Chopper, a novice GrCK of Xom (D:7)
  Joseph (D:7)
  Eustachio (D:5)
  3 orc warriors
  A slave (D:4)
  An ice beast (D:5)
  A sky beast (D:6)
  3 ogres
  A centaur (D:5)
  A bullfrog (D:7)
  A howler monkey (D:4)
  A crimson imp (D:6)
  A quasit (D:5)
  10 orc wizards
  A hound (D:6)
  4 orc priests
  3 iguanas
  Terence (D:3)
  4 worker ants
  3 hound skeletons
  3 adders
  5 shadow imps
  2 oozes
  An adder skeleton (D:5)
  An adder zombie (D:6)
  4 worms
  3 dart slugs
  4 leopard geckos
  21 orcs
  4 giant cockroaches
  9 goblins
  9 hobgoblins
  8 jackals
  3 quokkas
  2 ball pythons
  4 bats
  3 frilled lizards
  7 kobolds
  5 rats
141 creatures vanquished.

Notes
Turn   | Place    | Note
-------+----------+-------------------------------------------
     0 | D:1      | krabocopter the Formicid Fighter began the quest for the Orb.
     0 | D:1      | Reached XP level 1. HP: 18/18 MP: 1/1
   170 | D:1      | Reached XP level 2. HP: 19/24 MP: 2/2
   347 | D:1      | Reached skill level 3 in Maces & Flails
   591 | D:1      | Reached XP level 3. HP: 29/29 MP: 3/3
  1251 | D:2      | Reached skill level 4 in Maces & Flails
  1251 | D:2      | Reached XP level 4. HP: 34/35 MP: 4/4
  1911 | D:3      | Noticed Terence
  1933 | D:3      | Killed Terence
  1933 | D:3      | Reached XP level 5. HP: 9/41 MP: 5/5
  2270 | D:3      | Reached skill level 5 in Maces & Flails
  3381 | D:4      | Found Keysoaw's Antique Weapon Shop.
  3459 | D:4      | Reached XP level 6. HP: 42/48 MP: 6/6
  3829 | D:5      | Entered Level 5 of the Dungeon
  3829 | D:5      | Noticed an ice beast
  4157 | D:5      | Reached skill level 6 in Maces & Flails
  4291 | D:5      | Noticed Eustachio
  4357 | D:5      | Killed an ice beast
  4357 | D:5      | Reached XP level 7. HP: 27/55 MP: 7/7
  4497 | D:5      | Killed Eustachio
  4497 | D:5      | Reached skill level 5 in Fighting
  4497 | D:5      | Reached skill level 7 in Maces & Flails
  4803 | D:5      | Reached XP level 8. HP: 50/63 MP: 8/8
  4932 | D:5      | Noticed Pikel
  5051 | D:6      | Reached skill level 8 in Maces & Flails
  5775 | D:6      | Found a bloodstained altar of Trog.
  5794 | D:6      | Reached skill level 9 in Maces & Flails
  5816 | D:6      | Reached XP level 9. HP: 64/72 MP: 9/9
  6289 | D:7      | Found a staircase to the Ecumenical Temple.
  6313 | Temple   | Entered the Ecumenical Temple
  6461 | Temple   | Became a worshipper of Ru the Awakened
  6503 | D:7      | Noticed Joseph
  6537 | D:7      | Killed Joseph
  6702 | D:7      | Found a shimmering altar of Xom.
  6706 | D:7      | Found a deep blue altar of Sif Muna.
  6945 | D:7      | Reached skill level 10 in Maces & Flails
  7246 | D:7      | Reached skill level 5 in Shields
  7348 | D:7      | Found a white marble altar of Elyvilon.
  7619 | D:7      | Noticed p0werm0de's ghost (novice GrCK)
  7622 | D:7      | Upgraded the game from 0.21-a0-442-g848f44b to 0.22-a0-181-gb22368a
  7638 | D:7      | Killed p0werm0de's ghost
  7638 | D:7      | Reached skill level 5 in Armour
  7848 | D:8      | Noticed a two-headed ogre
  7879 | D:7      | Quit the game

Vault maps used:
D:1:      lightli_arrival_flooded_house
D:3:      uniq_terence
D:4:      serial_shops, shop, first_bread
D:5:      uniq_pikel, uniq_sigmund, uniq_eustachio
D:6:      bloody_trog, minmay_misc_feat_rugged
D:7:      nicolae_overflow_hidden_temple, minmay_temple_entry_large_hall,
          uniq_joseph
D:8:      serial_shops, nicolae_shop_stone
Temple:   eino_temple_rhombus

Skill      XL: |  1  2  3  4  5  6  7  8  9 |
---------------+----------------------------+-----
Maces & Flails | 3 4 5 6 7 9 10 | 10.4
Fighting       | 4 5 7 |  7.0
Shields        | 5 |  5.6
Armour         | 5 |  5.1

Action                   |  1- 3 |  4- 6 |  7- 9 || total
-------------------------+-------+-------+-------++-------
Melee: Flail             |    79 |   239 |   163 ||   481
       Whip              |       |       |   164 ||   164
  Use: Scroll            |     1 |       |     8 ||     9
       Potion            |       |     6 |     8 ||    14
 Stab: Invisible         |       |       |     3 ||     3
  Eat: Chunk             |     1 |    10 |    11 ||    22
Armor: Scale mail        |    34 |    72 |    93 ||   199
Dodge: Dodged            |    20 |    54 |    64 ||   138
Block: Shield            |    33 |   103 |   148 ||   284

Table legend:
 A = Spawn XP
 B = Non-spawn XP
 C = Spawn XP percentage of total XP
 D = Spawn monster count
 E = Non-spawn monster count
 F = Spawn count percentage of total count
 G = Total turns spent on level
                    A         B        C        D         E        F      G
               +---------+---------+-------+---------+---------+-------+---------
         Total |       0 |    3745 |   0.0 |       0 |     140 |   0.0 |  7879
               +---------+---------+-------+---------+---------+-------+---------
           D:1 |       0 |      29 |   0.0 |       0 |      15 |   0.0 |   824
           D:2 |       0 |      54 |   0.0 |       0 |      20 |   0.0 |   802
           D:3 |       0 |     164 |   0.0 |       0 |      28 |   0.0 |  1837
           D:4 |       0 |     112 |   0.0 |       0 |      13 |   0.0 |   626
           D:5 |       0 |     815 |   0.0 |       0 |      14 |   0.0 |   937
           D:6 |       0 |    1106 |   0.0 |       0 |      34 |   0.0 |  1168
           D:7 |       0 |    1341 |   0.0 |       0 |      15 |   0.0 |  1475
           D:8 |       0 |     124 |   0.0 |       0 |       1 |   0.0 |    55
               +---------+---------+-------+---------+---------+-------+---------
